Map: Prion Terraces

Players

Fubar

  • Race: Terran Terran
  • League: Gold

lesha - Winner!

  • Race: Terran Terran
  • League: Silver

VOD

Have the link to the VOD?

Description

Time

  • Played on: Jan. 1, 2016, 10:08 a.m.
  • Length: 8:44
Show
View Real Time Build Order
Export as new Build Order

Fubar Terran 

Build Orders: MMM Bio 

Get SALT Encoding   

  12  0:01  SCV  
  13  0:13  SCV  
  14  0:18  Supply Depot  
  14  0:25  SCV  
  15  0:40  SCV  
  16  0:48  Barracks  
  16  0:52  SCV  
  17  1:04  SCV  
  18  1:16  SCV  
  19  1:28  SCV  
  19  1:29  Command Center  
  19  1:32  Refinery  
  20  1:37  Marine  
  21  1:40  SCV  
  21  1:46  Supply Depot  
  22  1:53  SCV  
  23  2:05  Bunker  
  23  2:07  SCV, Marine  
  25  2:16  Barracks  
  25  2:19  SCV  
  26  2:25  Marine  
  27  2:43  Orbital Command  
  27  2:51  SCV  
  28  2:57  Marine  
  29  3:03  SCV  
  30  3:06  Barracks  
  30  3:10  Barracks Reactor  
  30  3:13  SCV  
  30  3:17  Orbital Command  
  31  3:22  Barracks Tech Lab  
  31  3:26  SCV  
  32  3:37  Refinery, Barracks  
  32  3:38  SCV  
  32  3:39  Barracks  
  33  3:46  Marauder  
  33  3:48  SCV  
  36  3:50  SCV  
  37  3:58  Supply Depot  
  37  3:59  Barracks Reactor  
  37  4:00  SCV, Marine x2  
  40  4:03  SCV  
  40  4:06  Refinery  
  40  4:07  Refinery  
  41  4:12  SCV  
  41  4:14  Engineering Bay  
  41  4:15  SCV  
  43  4:22  Supply Depot  
  43  4:24  SCV  
  43  4:27  SCV  
  43  4:28  Barracks Tech Lab  
  43  4:29  Barracks Tech Lab  
  45  4:35  Factory, Barracks  
  45  4:36  SCV  
  46  4:39  SCV  
  46  4:40  Engineering Bay  
  46  4:44  Missile Turret  
  47  4:45  Supply Depot  
  47  4:48  SCV  
  47  4:51  SCV  
  47  4:52  Marine x5  
  52  4:53  Marine  
  52  4:54  Marauder  
  52  4:58  Stimpack  
  52  4:59  Combat Shields  
  57  5:00  SCV, Concussive Shells  
  57  5:03  SCV  
  59  5:08  Supply Depot  
  59  5:11  Missile Turret  
  59  5:12  SCV  
  60  5:15  SCV  
  61  5:24  SCV  
  61  5:27  SCV  
  63  5:31  Marine x3  
  63  5:33  Marine  
  63  5:34  Marine  
  68  5:35  Marine  
  68  5:37  SCV, Marine  
  68  5:39  SCV  
  68  5:40  Command Center, Barracks Tech Lab  
  68  5:42  Factory Reactor  
  72  5:48  Starport  
  72  5:49  SCV, Marine  
  74  5:51  SCV  
  74  5:53  Missile Turret  
  68  6:20  Marine  
  68  6:21  Marine x6  
  67  6:27  Starport Reactor  
  67  6:38  Marine x2  
  67  6:39  Marine x4  
  72  6:43  Marine  
  68  6:56  Marine x4  
  68  6:57  Marine x2  
  74  7:02  Missile Turret  
  74  7:09  Medivac x2  
  74  7:13  SCV  
  79  7:19  Orbital Command  
  79  7:25  SCV  
  79  7:26  Command Center  
  80  7:33  Armory  
  80  7:37  SCV  
  80  7:40  Marauder x2  
  80  7:41  Marauder  
  80  7:42  Marine  
  80  7:44  Marine  
  88  7:49  SCV  
  63  8:05  Marauder x2, Marine x4  
  45  8:06  Marauder  
  34  8:23  Marine x4  
Show
View Real Time Build Order
Export as new Build Order

lesha Terran - Winner!

Build Orders: Reaper Expand 

Get SALT Encoding   

  12  0:01  SCV  
  13  0:13  SCV  
  14  0:18  Supply Depot  
  14  0:25  SCV  
  15  0:40  SCV  
  15  0:42  Barracks  
  16  0:47  Refinery  
  16  0:52  SCV  
  17  1:04  SCV  
  18  1:16  SCV  
  19  1:28  Orbital Command  
  19  1:31  Reaper  
  20  1:39  Command Center  
  20  1:56  Supply Depot, SCV  
  21  2:08  SCV  
  21  2:11  Barracks Reactor  
  22  2:21  SCV  
  23  2:28  Barracks  
  23  2:32  Refinery  
  23  2:33  SCV  
  23  2:35  Factory  
  23  2:57  SCV  
  24  3:02  Marine x2  
  26  3:09  SCV  
  27  3:13  Barracks  
  27  3:15  Barracks  
  27  3:21  Starport  
  27  3:23  Factory Reactor  
  27  3:24  Barracks Reactor  
  27  3:28  Marine x2  
  27  3:30  SCV  
  30  3:42  SCV  
  30  3:44  Supply Depot  
  30  3:46  Supply Depot  
  31  3:49  SCV  
  31  3:52  Marine  
  31  3:53  Marine  
  34  4:08  Barracks Reactor, Barracks Tech Lab  
  34  4:19  Factory Tech Lab  
  34  4:22  SCV  
  36  4:25  Marine, Orbital Command  
  36  4:26  Marine x4  
  36  4:30  Medivac  
  42  4:34  SCV  
  42  4:37  Medivac  
  45  4:42  Stimpack  
  45  4:45  Marine x4  
  49  4:48  SCV  
  49  4:51  SCV  
  51  4:58  Marine  
  51  4:59  Marine x2  
  54  5:00  SCV  
  54  5:04  Marine x3  
  58  5:12  Engineering Bay  
  58  5:19  Marine  
  58  5:20  Marine x3  
  62  5:34  Supply Depot  
  62  5:36  Supply Depot  
  62  5:38  Terran Infantry Weapons Level 1  
  62  5:55  SCV x2, Marine x6  
  70  5:57  Marine  
  65  6:28  Marine x7  
  64  6:49  Marine x3  
  64  6:51  Marine x3  
  64  6:52  Marine  
  64  6:53  Medivac x2  
  70  7:07  Marine  
  71  7:13  Command Center  
  71  7:15  Marine x2  
  71  7:16  Marine x3  
  76  7:28  Command Center  
  76  7:31  Barracks  
  76  7:32  Barracks  
  76  7:43  Marine x2  
  78  7:50  Marine x2  
  78  7:51  Marine x2  
  78  7:52  Marine  
  69  8:01  Marine  
  70  8:16  Marine x4  
  70  8:17  Marine x2  
  70  8:18  Marine  
  70  8:19  Marine  
  78  8:24  Marine  
  78  8:28  Supply Depot x2  
  78  8:29  Supply Depot  
  78  8:31  Supply Depot  
Tags
 
Composition
MMM Bio
Matchup
TvT
Race
Terran
Add a new tag
Caveats
  • Supply blocks, unpowered buildings, or Contaminate may cause inaccurate times.
  • Supply counts are checked every 10 seconds.